 Dungeon Crawl Stone Soup version 0.30.1 (webtiles) character file.

Game seed: 14790602791527566998

26 Fodor the Covered (level 2, -1/27 HPs)
             Began as a Minotaur Fighter on July 8, 2023.
             Slain by a gnoll
             ... wielding a +0 spear
              (7 damage)
             ... on level 2 of the Dungeon.
             The game lasted 00:05:50 (1232 turns).

Fodor the Covered (Minotaur Fighter)                Turns: 1232, Time: 00:05:51

Health: -1/27      AC:  7    Str: 20    XL:     2   Next: 89%
Magic:  1/1        EV:  9    Int:  5    God:
Gold:   50         SH:  4    Dex:  9    Spells: 1/1 levels left

rFire   . . .        a - +0 long sword
rCold   . . .        c - +0 buckler
rNeg    . . .        b - +0 scale mail
rPois   .            (helmet restricted)
rElec   .            (no cloak)
rCorr   .            (no gloves)
SInv    .            (no boots)
Will    .....        (no amulet) Stlth
                     (no ring)
HPRegen 0.24/turn    (no ring)
MPRegen 0.07/turn

%: no passive effects
@: no status effects
A: horns 2, retaliatory headbutt
a: no special abilities


You were on level 2 of the Dungeon.
You visited 1 branch of the dungeon, and saw 2 of its levels.

You collected 50 gold pieces.

Inventory:

Hand Weapons
 a - a +0 long sword (weapon)
Armour
 b - a +0 scale mail (worn)
 c - a +0 buckler (worn)
Scrolls
 f - a scroll of vulnerability {unknown}
Potions
 d - a potion of might
 e - a potion of degeneration {unknown}
 g - a potion of flight {unknown}


   Skills:
 + Level 4.0 Fighting
 + Level 2.7 Long Blades
 + Level 4.1 Armour
 + Level 4.0 Shields


You had one spell level left.
You didn't know any spells.
Your spell library contained the following spells:

 Spells                   Type           Power      Damage    Failure   Level
 Summon Small Mammal      Summ           0%         N/A       88%         1
 Call Canine Familiar     Summ           0%         N/A       99%         3
 Summon Guardian Golem    Hex/Summ       0%         N/A       99%         3


Dungeon Overview and Level Annotations

Branches:
Dungeon (2/15)

Altars:


Innate Abilities, Weirdness & Mutations

You have a pair of horns on your head.
You reflexively headbutt those who attack you in melee.


Message History

Found a stone staircase leading down.
There is an open door here.
Found a yellow potion.
You open the door.
g - a yellow potion
There is an open door here.
Found an escape hatch in the ceiling.
There is an escape hatch in the ceiling here.
Found a ruby potion.
Found 18 gold pieces.
A gnoll comes into view. It is wielding a +0 spear.
A gnoll comes into view. It is wielding a +0 spear.
The gnoll shouts!
You hear a shout!
You block the gnoll's attack.
You see here a ruby potion.
The gnoll completely misses you. The gnoll misses you.
The gnoll hits you from afar with a +0 spear.
The gnoll hits you but does no damage.
A gnoll comes into view. It is wielding a +0 spear.
The gnoll shouts!
You hit the gnoll.
The gnoll is moderately wounded.
The gnoll closely misses you. The gnoll completely misses you.
The gnoll hits you from afar with a +0 spear!
The gnoll hits you with a +0 spear.
You hit the gnoll but do no damage.
The gnoll is moderately wounded.
The gnoll hits you with a +0 spear. You block the gnoll's attack.
You closely miss the gnoll.
The gnoll is moderately wounded.
The gnoll barely misses you. The gnoll hits you with a +0 spear.
The gnoll hits you but does no damage.
A gnoll comes into view. It is wielding a +0 flail.
You hit the gnoll. Your headbutt misses the gnoll.
The gnoll is heavily wounded.
The gnoll hits you from afar with a +0 spear.
* * * LOW HITPOINT WARNING * * *
The gnoll hits you with a +0 spear!
You die...

##<###.## ##...##
###.. #.## #.#
##+## ##. ##.###.##
.# #. ##.#.# .# #.
##.# ##.###### #.
#.# ##..$..... ..
#.# #......# ##
#.###########...#.#
#..........@gg....#
#############g.####
#.g...... ##.######
.# g# .# .# .#


You could see 4 gnolls.

Vanquished Creatures
  6 endoplasms
  2 giant cockroaches
  3 goblins
  2 hobgoblins (D:1)
  2 kobolds
  A quokka (D:1)
  3 bats
  3 frilled lizards
22 creatures vanquished.

Notes
Turn   | Place    | Note
-------+----------+-------------------------------------------
     0 | D:1      | Fodor the Minotaur Fighter began the quest for the Orb.
     0 | D:1      | Reached XP level 1. HP: 19/19 MP: 0/0
   300 | D:1      | Reached XP level 2. HP: 23/27 MP: 1/1
  1232 | D:2      | Slain by a gnoll

Illustrated notes

Levels and vault maps discovered:
D:1:      dpeg_arrival_chambers_temple_mockup, layout_basic
D:2:      layout_loops_corners, uniq_sigmund

Skill      XL: |  1  2 |
---------------+-------+-----
Fighting       | 4 |  4.0
Armour         | 4 |  4.1
Shields        | 4 |  4.0
Long Blades    | |  2.7

Action                     || total
---------------------------++-------
  Melee: Long sword        ||    54
         Headbutt          ||     5
 Armour: Scale mail        ||    37
  Dodge: Dodged            ||    33
  Block: Buckler           ||    18
